 Dungeon Crawl Stone Soup version 0.22-a0-78-g0f8607c (console) character file.

7336 Evablue the Grappler (level 11, -10/86 HPs)
             Began as a Ghoul Fighter on Jan 17, 2018.
             Was a High Priest of Okawaru.
             Mangled by Snorg (16 damage)
             ... on level 9 of the Dungeon.
             The game lasted 00:16:23 (6770 turns).

Evablue the Grappler (Ghoul Fighter)                Turns: 6770, Time: 00:16:24

Health: -10/86     AC: 14    Str: 24    XL:     11   Next: 13%
Magic:  9/10       EV: 12    Int:  3    God:    Okawaru [*****.]
Gold:   442        SH: 15    Dex: 11    Spells: 10/10 levels left

rFire    + . .     SeeInvis .     - Unarmed
rCold    + . .     Gourm    .   b - +0 shield
rNeg     + + +     Faith    .   r - +0 chain mail
rPois    ∞         Spirit   .   B - +0 hat
rElec    .         Reflect  +   u - +1 cloak
rCorr    .         Harm     .   (no gloves)
MR       .....                  (no boots)
Stlth    ..........             v - +2 amulet of reflection
HPRegen  0.00/turn              n - ring of protection from fire
MPRegen  0.12/turn              f - +3 ring of dexterity

@: heroism, rotting
A: rotting body, claws 1, carnivore, cold resistance 1, negative energy
resistance 3, inhibited regeneration, torment resistance, unbreathing
a: Heroism, Finesse, Renounce Religion


You were on level 9 of the Dungeon.
You worshipped Okawaru.
Okawaru was extremely pleased with you.
You were not hungry.

You visited 1 branch of the dungeon, and saw 10 of its levels.
You also visited: Sewer.

You collected 442 gold pieces.

Inventory:

Armour
 a - a +0 scale mail
 b - a +0 shield (worn)
 r - a +0 chain mail (worn)
 u - a +1 cloak (worn)
 z - the +1 ring mail of the Falcon {*Corrode Regen+ MP+9 Int+2}
   (You found it on level 9 of the Dungeon)

   It affects your intelligence (+2).
   It affects your magic capacity (+9).
   It increases your rate of regeneration.
   It may corrode you when you take damage.
 B - a +0 hat (worn)
Jewellery
 f - a +3 ring of dexterity (right claw)
 n - a ring of protection from fire (left claw)
 v - a +2 amulet of reflection (around neck)
Wands
 o - a wand of disintegration (12)
 D - a wand of acid (8)
Scrolls
 e - 2 scrolls of random uselessness
 g - 2 scrolls of teleportation
 k - 3 scrolls of identify
 l - 2 scrolls of enchant weapon {unknown}
 m - a scroll of magic mapping
 p - 3 scrolls of amnesia {unknown}
 x - 2 scrolls of remove curse
 y - 3 scrolls of enchant armour
 C - 2 scrolls of noise {unknown}
Potions
 c - 2 potions of might
 h - 2 potions of brilliance {unknown}
 i - 6 potions of agility
 j - 2 potions of heal wounds
 q - a potion of mutation
 s - 4 potions of curing
 t - 2 potions of flight
 w - a potion of resistance
 A - a potion of haste {unknown}
Comestibles
 d - 17 rations


   Skills:
 + Level 5.1(10.1) Fighting
 + Level 6.8(11.8) Armour
 + Level 4.6(9.6) Dodging
 + Level 7.7(12.7) Shields
 + Level 12.4(17.4) Unarmed Combat
 + Level 1.2 Invocations


You had 10 spell levels left.
You didn't know any spells.

Dungeon Overview and Level Annotations

Branches:
Dungeon (10/15)            Temple (0/1) D:5
   Lair: D:8-11         Orc: D:9-12

Altars:
Okawaru
Trog
Yredelemnul

Shops:
D:6 [   D:8 :

Annotations:
D:3 1 runed door, cellescent's ghost, amateur GnWn
D:4 Evablue's ghost, amateur GrFi
D:9 Snorg


Innate Abilities, Weirdness & Mutations

Your body is rotting away.
You thrive on raw meat.
You are immune to poison.
You have sharp fingernails.
You are carnivorous and can eat meat at any time.
Your flesh is cold resistant. (rC+)
You are immune to negative energy. (rN+++)
You do not regenerate when monsters are visible.
You are immune to unholy pain and torment.
You can survive without breathing.


Message History

There is a stone staircase leading down here.
You gain the combat prowess of a mighty hero.
Snorg misses you. You block Snorg's attack. Snorg claws you.
Snorg closely misses you. Snorg barely misses you.
Snorg claws you but does no damage.
You fail to use your ability.
The orc hits you but does no damage. Snorg bites you.
You block Snorg's attack. x2
You mangle Snorg!!
Snorg is heavily wounded.
Snorg barely misses you. Snorg completely misses you. Snorg claws you!
* * * LOW HITPOINT WARNING * * *
You block the orc's attack.
You scratch Snorg.
Snorg is heavily wounded.
Snorg bites you but does no damage. Snorg claws you!
* * * LOW HITPOINT WARNING * * *
You block Snorg's attack. You block the orc's attack.
Snorg bites you but does no damage. Snorg completely misses you.
Snorg claws you!
You die...

##### ##...# ##..... #......
########## #......
########........# ##...... ####
##.....##T@......###....... ...#
#..........o............... ...#
#......##.##..>######..(... ...#
#......##.........# #......
...####......##.........# ##.....
...##........#..#......######....
...##.#........##(......##.......
...##.#..#.#####...........###...
......#.....##............##.....


You could see Snorg (berserk) and an orc.

Vanquished Creatures
  Gastronok (D:8)
  2 two-headed ogres
  Pikel (D:3)
  Joseph (D:8)
  A hippogriff (D:6)
  A spriggan (D:7)
  A wyvern (D:8)
  A steam dragon (D:7)
  A hungry ghost (D:9)
  A black bear (D:7)
  2 orc warriors (D:9)
  A phantom (D:4)
  2 eyes of draining (D:5)
  2 ogres
  A necrophage (D:7)
  2 centaurs
  3 big kobolds
  4 bullfrogs
  A scorpion (D:8)
  6 killer bees
  2 howler monkeys (D:4)
  2 crimson imps (D:8)
  A quasit (D:9)
  3 hounds
  2 jellies (D:9)
  3 orc priests
  A bullfrog skeleton (D:4)
  4 orc wizards
  2 iguanas
  8 worker ants
  Natasha (twice) (D:4)
  2 hound skeletons
  2 howler monkey zombies
  9 adders
  7 gnolls (D:8)
  A river rat (Sewer)
  2 shadow imps
  2 oozes
  2 adder skeletons
  A worm (D:2)
  A dart slug (D:2)
  3 leopard geckos
  25 orcs
  2 ball pythons
  4 giant cockroaches
  6 goblins
  13 hobgoblins
  7 jackals
  2 quokkas
  6 bats
  A frilled lizard (D:3)
  18 kobolds
  A quokka skeleton (D:6)
  A quokka zombie (D:7)
  11 rats
  A spectral orc (D:2)
195 creatures vanquished.

Vanquished Creatures (others)
  A howler monkey (D:4)
  Natasha (D:4)
  An orc (D:10)
  5 toadstools (D:3)
8 creatures vanquished.

Grand Total: 203 creatures vanquished

Notes
Turn   | Place    | Note
-------+----------+-------------------------------------------
     0 | D:1      | Evablue the Ghoul Fighter began the quest for the Orb.
     0 | D:1      | Reached XP level 1. HP: 19/19 MP: 0/0
   187 | D:1      | Reached XP level 2. HP: 26/26 MP: 1/1
   489 | D:1      | Reached XP level 3. HP: 17/30 MP: 2/2
   784 | D:1      | Reached skill level 3 in Unarmed Combat
   960 | D:2      | Found an iron altar of Okawaru.
   971 | D:2      | Reached XP level 4. HP: 30/39 MP: 3/3
   979 | D:2      | Became a worshipper of Warmaster Okawaru
  1317 | D:2      | Found a basalt altar of Yredelemnul.
  1577 | D:3      | Found a glowing drain.
  1609 | Sewer    | Entered a sewer
  1672 | Sewer    | Noticed a big kobold
  1690 | Sewer    | Killed a big kobold
  1690 | Sewer    | Reached skill level 4 in Unarmed Combat
  1690 | Sewer    | Reached XP level 5. HP: 22/46 MP: 4/4
  1739 | Sewer    | Found a white marble altar of Elyvilon.
  1957 | D:3      | Noticed cellescent's ghost (amateur GnWn)
  2140 | D:3      | Found a runed door.
  2158 | D:3      | Reached skill level 1 in Dodging
  2220 | D:4      | Noticed a phantom
  2577 | D:4      | Noticed an ogre
  2579 | D:4      | Reached XP level 6. HP: 29/51 MP: 5/5
  2601 | D:3      | Reached * piety under Okawaru
  2875 | D:4      | Reached skill level 5 in Unarmed Combat
  2915 | D:4      | Killed a phantom
  2915 | D:4      | Reached XP level 7. HP: 10/58 MP: 6/6
  3277 | D:4      | Noticed Pikel
  3308 | D:3      | Killed Pikel
  3308 | D:3      | Reached ** piety under Okawaru
  3308 | D:3      | Reached skill level 6 in Unarmed Combat
  3308 | D:3      | Reached XP level 8. HP: 42/66 MP: 7/7
  3336 | D:4      | Noticed Natasha
  3347 | D:4      | Killed Natasha
  3431 | D:4      | Noticed Natasha
  3440 | D:4      | Killed Natasha
  3454 | D:4      | Killed Natasha
  3483 | D:4      | Reached skill level 7 in Unarmed Combat
  3567 | D:4      | Reached skill level 5 in Armour
  3647 | D:4      | Noticed Evablue's ghost (amateur GrFi)
  3659 | D:5      | Entered Level 5 of the Dungeon
  3670 | D:5      | Reached skill level 5 in Shields
  4050 | D:5      | Found a bloodstained altar of Trog.
  4102 | D:5      | Found a staircase to the Ecumenical Temple.
  4256 | D:5      | Found a bloodstained altar of Trog.
  4498 | D:6      | Found Ikisupe's Armour Boutique.
  4517 | D:6      | Reached skill level 8 in Unarmed Combat
  4517 | D:6      | Reached XP level 9. HP: 72/72 MP: 8/8
  4558 | D:6      | Reached *** piety under Okawaru
  5204 | D:7      | Reached skill level 9 in Unarmed Combat
  5678 | D:8      | Found Raczuis's Book Shop.
  5752 | D:8      | Reached **** piety under Okawaru
  5776 | D:8      | Noticed Joseph
  5791 | D:8      | Killed Joseph
  5791 | D:8      | Reached skill level 10 in Unarmed Combat
  5791 | D:8      | Reached XP level 10. HP: 58/80 MP: 9/9
  5932 | D:8      | Noticed Gastronok
  5955 | D:8      | Killed Gastronok
  5955 | D:8      | Reached ***** piety under Okawaru
  5955 | D:8      | Received a gift from Okawaru
  5955 | D:8      | Reached skill level 5 in Fighting
  5955 | D:8      | Reached skill level 11 in Unarmed Combat
  6060 | D:8      | Noticed a two-headed ogre
  6072 | D:8      | Killed a two-headed ogre
  6072 | D:8      | Reached skill level 1 in Invocations
  6294 | D:9      | Noticed a two-headed ogre
  6307 | D:9      | Killed a two-headed ogre
  6307 | D:9      | Reached skill level 12 in Unarmed Combat
  6307 | D:9      | Reached XP level 11. HP: 66/86 MP: 7/10
  6694 | D:9      | Got a shimmering ring mail
  6705 | D:9      | Identified the +1 ring mail of the Falcon {*Corrode Regen+ MP+9 Int+2} (You found it on level 9 of the Dungeon)
  6731 | D:10     | Entered Level 10 of the Dungeon
  6733 | D:10     | Noticed Snorg
  6770 | D:9      | Mangled by Snorg

Vault maps used:
D:1:      elethiomel_arrival_infinity_welcomes_careful_drivers, minivault_25,
          minmay_misc_feat_room
D:2:      yredelemnul_forgotten_temple_becter, first_ration,
          okawaru_ov_weapons_minmay
D:3:      cheibrodos_fertilizer, portal_sewer_entry_a, grunt_decor_fettered,
          lemuel_angel_altar
D:4:      uniq_pikel, uniq_natasha
D:5:      minmay_temple_entry_large_hall, basic_altar, trog_eyes_of_draining
D:6:      serial_shops, kennysheep_mini_moat
D:7:      the_bakery
D:8:      serial_shops, shop_statue, uniq_gastronok, uniq_joseph
D:10:     lair_entry_dummy, grunt_ministairs_5, uniq_josephine, uniq_snorg,
          uniq_fannar
Sewer:    sewer_kobolds

Skill      XL: |  1  2  3  4  5  6  7  8  9 10 |
---------------+-------------------------------+-----
Unarmed Combat | 3 4 5 6 8 10 12 | 12.4
Shields        | 3 4 5 6 7 |  7.7
Armour         | 3 4 5 6 |  6.8
Dodging        | 1 2 3 4 |  4.6
Fighting       | 4 5 |  5.1
Invocations    | 1 |  1.2

Action                   |  1- 3 |  4- 6 |  7- 9 | 10-12 || total
-------------------------+-------+-------+-------+-------++-------
Melee: Unarmed           |   159 |   242 |   409 |   155 ||   965
Invok: Heroism           |       |       |     2 |     4 ||     6
  Use: Potion            |       |     1 |       |       ||     1
       Scroll            |       |       |    12 |       ||    12
  Eat: Chunk             |     2 |     5 |    23 |     5 ||    35
Armor: Scale mail        |    59 |    81 |   127 |    26 ||   293
       Chain mail        |       |       |       |    22 ||    22
Dodge: Dodged            |    47 |    72 |   121 |    40 ||   280
Block: Shield            |    68 |    94 |   247 |   114 ||   523
       Reflection        |       |       |     3 |    10 ||    13

Table legend:
 A = Spawn XP
 B = Non-spawn XP
 C = Spawn XP percentage of total XP
 D = Spawn monster count
 E = Non-spawn monster count
 F = Spawn count percentage of total count
 G = Total turns spent on level
                    A         B        C        D         E        F      G
               +---------+---------+-------+---------+---------+-------+---------
         Total |       0 |   10481 |   0.0 |       0 |     196 |   0.0 |  6770
               +---------+---------+-------+---------+---------+-------+---------
           D:1 |       0 |      48 |   0.0 |       0 |      26 |   0.0 |   844
           D:2 |       0 |      68 |   0.0 |       0 |      20 |   0.0 |   675
           D:3 |       0 |     869 |   0.0 |       0 |      14 |   0.0 |   944
           D:4 |       0 |     583 |   0.0 |       0 |      14 |   0.0 |   865
           D:5 |       0 |     424 |   0.0 |       0 |      12 |   0.0 |   704
           D:6 |       0 |     741 |   0.0 |       0 |      22 |   0.0 |   664
           D:7 |       0 |    1211 |   0.0 |       0 |      20 |   0.0 |   650
           D:8 |       0 |    4537 |   0.0 |       0 |      32 |   0.0 |   587
           D:9 |       0 |    1837 |   0.0 |       0 |      24 |   0.0 |   491
          D:10 |       0 |      41 |   0.0 |       0 |       3 |   0.0 |    15
         Sewer |       0 |     122 |   0.0 |       0 |       9 |   0.0 |   331
               +---------+---------+-------+---------+---------+-------+---------
